 Dungeon Sprint DCSS version 0.23-a0-143-g1adec7b (webtiles) character file.

6 Faca the Bolt Thrower (level 2, 0/17 HPs)
             Began as a Kobold Hunter on Aug 31, 2018.
             Killed from afar by a rime drake (17 damage)
             ... with a flash freeze
             ... in the Dungeon (Sprint V: "Ziggurat Sprint").
             The game lasted 00:01:37 (53 turns).

Faca the Bolt Thrower (Kobold Hunter)                 Turns: 53, Time: 00:01:38

Health: 0/17       AC:  3    Str:  9    XL:     2   Next: 0%
Magic:  2/2        EV: 14    Int: 12    God:
Gold:   0          SH:  0    Dex: 15    Spells: 1/1 levels left

rFire    . . .     SeeInvis +   N - +9 heavy crossbow "Sniper" {velocity, Acc+∞ SInv}
rCold    . . .     Gourm    .   (shield currently unavailable)
rNeg     . . .     Faith    .   c - +0 leather armour
rPois    .         Spirit   .   (no helmet)
rElec    .         Reflect  .   (no cloak)
rCorr    .         Harm     .   (no gloves)
MR       .....     NoTele   +   (no boots)
Stlth    +++.......             (no amulet)
HPRegen  0.05/turn              (no ring)
MPRegen  0.08/turn              (no ring)

@: no status effects
A: small, carnivore
a: no special abilities


You were in the Dungeon.
You were not hungry.

You visited 1 branch

Inventory:

Hand Weapons
 p - a +5 hand crossbow
 q - a +5 quick blade
 r - a +5 rapier
 N - the +9 heavy crossbow "Sniper" (weapon) {velocity, Acc+∞ SInv}
   (You found it in the Dungeon)

   Any bolt fired from it inflicts extra damage.
   It lets you see invisible.
Missiles
 d - 1019 bolts (quivered)
Armour
 c - a +0 leather armour (worn)
 l - +5 gold dragon scales
 m - +5 shadow dragon scales
 n - a +3 shield
 o - a +3 buckler
Jewellery
 H - a +6 ring of dexterity
 I - a +6 ring of dexterity
 J - a +6 ring of intelligence
 K - a +6 ring of intelligence
 L - a +6 ring of strength
 M - a +6 ring of strength
Wands
 y - a wand of disintegration (7)
 F - a wand of iceblast (7)
 G - a wand of acid (7)
Scrolls
 k - 4 scrolls of blinking
 s - 4 scrolls of amnesia
 t - 7 scrolls of fog
 u - a scroll of holy word
 v - 5 scrolls of identify
 w - 5 scrolls of remove curse
 x - 2 scrolls of fear
Potions
 e - 10 potions of curing
 g - 10 potions of heal wounds
 h - 6 potions of haste
 i - 7 potions of magic
 j - 3 potions of berserk rage
 z - 2 potions of brilliance
 A - 2 potions of invisibility
 B - 4 potions of resistance
 D - 5 potions of agility
 E - 5 potions of might
Comestibles
 f - 7 rations


   Skills:
 + Level 2.1 Fighting
 + Level 7.9 Crossbows
 - Level 2.4 Dodging
 - Level 7.5 Stealth


You had one spell level left.
You didn't know any spells.
Your spell library was empty.

Dungeon Overview and Level Annotations

Branches:
Dungeon (1/1)

Altars:
Ashenzari
Cheibriados
Dithmenos
Elyvilon
Fedhas
Gozag
Hepliaklqana
Kikubaaqudgha
Makhleb
Nemelex Xobeh
Okawaru
Qazlal
Ru
Sif Muna
Trog
Uskayaw
Vehumet
Wu Jian
Xom
Yredelemnul
Zin
The Shining One
Beogh
Jiyva
Lugonu

Annotations:
D 1 transporter


Innate Abilities, Weirdness & Mutations

You are small and have problems with some larger weapons.
You are carnivorous and can eat meat at any time.


Message History

Okay, then.
Wear which item? (? for menu, Esc to quit)
Okay, then.
There is a transporter here.
Welcome to arena 1.
You enter the transporter and appear at another place.
A rime drake and a steam dragon come into view.
The steam dragon hisses angrily.
Found two items.
Found a transporter.
Firing (i - inventory)
d - 1020 bolts (quivered)
Press: ? - help, Shift-Dir - straight line, f - steam dragon
Aim: a steam dragon You shoot a bolt.
The rime drake hisses angrily.
The bolt hits the steam dragon!
The steam dragon is severely wounded.
The rime drake breathes ice at you. The flash freeze hits you!
Ouch! That really hurt!
You die...

▓▓▓▓▓▓▓
▓.8©8.▓
▓.....▓
▓.).).▓
▓..Dk.▓
▓.....▓
▓..@..▓
▓▓▓▓▓▓▓


You could see a rime drake and a steam dragon.

Vanquished Creatures (others)
  Dowan (D)
1 creature vanquished.

Notes
Turn   | Place    | Note
-------+----------+-------------------------------------------
     0 | D        | Found the +6 Majin-Bo {vamp, Archmagi MP+6 Int+6}
     0 | D        | Found the +7 great mace "Firestarter" {inner flame, rF++}
     0 | D        | Faca the Kobold Hunter began the quest for the Orb.
     0 | D        | Reached XP level 1. HP: 12/12 MP: 1/1
     3 | D        | Found a blossoming altar of Fedhas.
     4 | D        | Killed Dowan
     6 | D        | Found a hazy altar of Hepliaklqana.
     6 | D        | Found a viscous altar of Jiyva.
     6 | D        | Found an opulent altar of Gozag.
     6 | D        | Found a transporter.
     6 | D        | Found an ancient bone altar of Kikubaaqudgha.
    13 | D        | Found a corrupted altar of Lugonu.
    16 | D        | Found a burning altar of Makhleb.
    17 | D        | Found a sacrificial altar of Ru.
    17 | D        | Found a stormy altar of Qazlal.
    17 | D        | Found a deep blue altar of Sif Muna.
    17 | D        | Found an iron altar of Okawaru.
    17 | D        | Found a bloodstained altar of Trog.
    17 | D        | Found a sparkling altar of Nemelex Xobeh.
    34 | D        | Found the +6 shillelagh "Devastator" {shatter}
    34 | D        | Found the +11 plutonium sword {*Contam Stlth-}
    34 | D        | Found the +8 lance "Wyrmbane" {slay drac, rPois rF+ rC+
                  | AC+3}
    34 | D        | Found the +9 sword of Zonguldrok {reap}
    34 | D        | Found the cursed +13 scythe of Curses {drain, *Curse}
    34 | D        | Found the +0 sword of Power
    34 | D        | Found the +7 mace of Variability {chain chaos}
    34 | D        | Found the +7 Singing Sword
    34 | D        | Found the +7 longbow "Piercer" {penet, EV-2}
    35 | D        | Found the +9 heavy crossbow "Sniper" {velocity, Acc+∞ SInv}
    35 | D        | Found the +10 dark maul {crush}
    35 | D        | Found the +15 Maxwell's patent armour {-Cast -Tele rElec
                  | MR+ rCorr}
    35 | D        | Found the +18 shield of the Gong {rElec rN+ MR+ EV-5}
    35 | D        | Found the cursed +14 obsidian axe {chop, +Fly SInv *Curse}
    41 | D        | Reached XP level 2. HP: 17/17 MP: 2/2
    52 | D        | Entered arena 2.
    52 | D        | Noticed a steam dragon
    52 | D        | Noticed a rime drake
    52 | D        | Found a transporter.
    53 | D        | Found the +5 demon whip "Spellbinder" {antimagic, MR+}
    53 | D        | Killed from afar by a rime drake

Vault maps used:
D:        sprint_v

Skill      XL: |  1 |
---------------+----+-----
Crossbows      | 7 |  7.9
Stealth        | 7 |  7.5
Fighting       | |  2.1
Dodging        | |  2.4

Action                   || total
-------------------------++-------
 Fire: Heavy crossbow    ||     1
  Use: Potion            ||     1

Table legend:
 A = Non-vault XP
 B = Vault XP
 C = Vault XP percentage of total XP
 D = Non-vault monster count
 E = Vault monster count
 F = Vault count percentage of total count
                 A         B        C        D         E       F
            +---------+---------+-------+---------+---------+-------
      Total |       0 |       0 |   N/A |       0 |       0 |  -nan
            +---------+---------+-------+---------+---------+-------
            +---------+---------+-------+---------+---------+-------
